 Dungeon Crawl Stone Soup version 0.30-a0-782-ge64f9170bb (webtiles) character file.

Game seed: 15354047107377054290

292949 Touch the Tortoise (level 20, -1/164 HPs)
             Began as a Demonspawn Fighter on Feb 24, 2023.
             Was the Champion of Okawaru.
             Killed from afar by a Hell Sentinel (21 damage)
             ... with damnation
             ... summoned by a deep elf demonologist
             ... on level 3 of the Elven Halls on Feb 25, 2023.
             The game lasted 03:24:24 (45975 turns).

Touch the Tortoise (Demonspawn Fighter)            Turns: 45975, Time: 03:24:24

Health: -1/164     AC: 42    Str: 28    XL:     20   Next: 0%
Magic:  21/21      EV: 12    Int: 14    God:    Okawaru [******]
Gold:   1995       SH: 18    Dex: 22    Spells: 29/33 levels left

rFire   + + .      SeeInvis +    E - +9 broad axe of Infinity {pain, Fragile rPois rC+ Will+}
rCold   + . .      Faith    .    D - +0 kite shield {reflect}
rNeg    + . .      Spirit   .    T - +4 crystal plate armour of Okawaru's Favour {rElec rF+ Will+ Dex+2}
rPois   +          Reflect  +    w - +2 helmet
rElec   +          Harm     .    X - scarf {repulsion}
rCorr   +          Rampage  .    C - +1 pair of gloves of the Imp {*Corrode rN+ Str+3}
Will    +++++                    m - +0 pair of boots "Qiava" {rPois rCorr MP-9 Int+3} Stlth
                                 A - amulet of reflection
HPRegen 0.47/turn                q - ring "Pomn" {rElec rF+ Dex+2 SInv}
MPRegen 0.17/turn                G - ring "Oqiteatz" {*Corrode rPois Will+ AC+4 Int+2}

@: about to teleport, studying Dodging, repel missiles
A: thin skeletal structure 2, ignite blood 3, powered by pain 1, demonic
willpower, weakness stinger 2, MP-powered wands
}: 2/15 runes: decaying, serpentine
a: Renounce Religion, Heroism, Finesse, Duel


You were on level 3 of the Elven Halls.
You worshipped Okawaru.
Okawaru was exalted by your worship.
You visited 8 branches of the dungeon, and saw 35 of its levels.

You collected 3932 gold pieces.
You spent 1937 gold pieces at shops.

Inventory:

Hand Weapons
 p - a +3 executioner's axe of freezing
 E - the +9 broad axe of Infinity (weapon) {pain, Fragile rPois rC+ Will+}
   (Okawaru gifted it to you on level 3 of the Elven Halls)

   rC:        It protects you from cold.
   rPois:     It protects you from poison.
   Fragile:   It will be destroyed if unequipped.
   Will:      It increases your willpower.
 H - the +6 broad axe of Honesty {freeze, rN+ Int+3}
   (Okawaru gifted it to you on level 5 of the Lair of Beasts)

   Int:       It affects your intelligence (+3).
   rN:        It protects you from negative energy.
 L - a +3 shortbow of flaming
Missiles
 i - 19 curare-tipped darts (quivered)
 k - 9 atropa-tipped darts
Armour
 m - the +0 pair of boots "Qiava" (worn) {rPois rCorr MP-9 Int+3}
   (You found it on level 15 of the Dungeon)

   Int:       It affects your intelligence (+3).
   rPois:     It protects you from poison.
   MP:        It affects your magic capacity (-9).
   rCorr:     It protects you from acid and corrosion.
 n - the +0 ring mail of Serendipity {+Blink rC+++ Regen+ Str-5}
   (You found it on level 1 of the Elven Halls)

   Str:       It affects your strength (-5).
   rC:        It renders you almost immune to cold.
   +Blink:    It lets you blink.
   Regen:     It increases your rate of health regeneration.
 w - a +2 helmet (worn)
 x - a +0 cloak of preservation
 C - the +1 pair of gloves of the Imp (worn) {*Corrode rN+ Str+3}
   (Okawaru gifted it to you on level 3 of the Lair of Beasts)

   Str:       It affects your strength (+3).
   rN:        It protects you from negative energy.
   *Corrode:  It may corrode you when you take damage.
 D - a +0 kite shield of reflection (worn)
 I - the +2 ring mail of Restlessness {rN+++ Str-5 Int+5}
   (Okawaru gifted it to you on level 1 of the Snake Pit)

   Str:       It affects your strength (-5).
   Int:       It affects your intelligence (+5).
   rN:        It renders you almost immune to negative energy.
 T - the +4 crystal plate armour of Okawaru's Favour (worn) {rElec rF+ Will+ Dex+2}
   (Okawaru gifted it to you on level 4 of the Lair of Beasts)

   Dex:       It affects your dexterity (+2).
   rF:        It protects you from fire.
   rElec:     It insulates you from electricity.
   Will:      It increases your willpower.
 X - a scarf of repulsion (worn)
 Z - the +5 chain mail "Tebum" {rF++ rN+}
   (You bought it in a shop on level 2 of the Orcish Mines)

   rF:        It greatly protects you from fire.
   rN:        It protects you from negative energy.
Jewellery
 q - the ring "Pomn" (left hand) {rElec rF+ Dex+2 SInv}
   (You acquired it on level 8 of the Dungeon)

   [ring of see invisible]

   Dex:       It affects your dexterity (+2).
   rF:        It protects you from fire.
   rElec:     It insulates you from electricity.
   SInv:      It lets you see invisible.
 t - a ring of protection from cold
 A - an amulet of reflection (around neck)
 B - a ring of flight
 G - the ring "Oqiteatz" (right hand) {*Corrode rPois Will+ AC+4 Int+2}
   (You bought it in a shop on level 4 of the Snake Pit)

   [ring of protection]

   AC:        It affects your AC (+4).
   Int:       It affects your intelligence (+2).
   rPois:     It protects you from poison.
   *Corrode:  It may corrode you when you take damage.
   Will:      It increases your willpower.
 O - a ring of positive energy
Wands
 F - a wand of quicksilver (21)
 Q - a wand of mindburst (7)
 S - a wand of digging (6)
 Y - a wand of polymorph (5)
Scrolls
 b - 5 scrolls of teleportation
 c - 4 scrolls of amnesia
 f - 5 scrolls of poison
 l - 7 scrolls of fog
 o - 4 scrolls of immolation
 v - 2 scrolls of magic mapping
 y - 5 scrolls of fear
 K - 2 scrolls of blinking
Potions
 a - 2 potions of lignification
 d - 8 potions of might
 e - 2 potions of mutation
 g - 9 potions of haste
 h - 6 potions of brilliance
 r - 4 potions of cancellation
 s - a potion of invisibility
 u - 5 potions of heal wounds
 z - a potion of ambrosia
 J - 8 potions of curing
 M - a potion of berserk rage
 N - a potion of resistance
 P - 7 potions of flight
Miscellaneous
 j - a lightning rod (4/4)
 R - a condenser vane


   Skills:
 + Level 15.7 Fighting
 - Level 18.0 Axes
 + Level 19.2 Armour
 * Level 11.0 Dodging
 - Level 10.0 Shields
 * Level 7.1 Spellcasting
 - Level 5.0 Translocations
 - Level 10.4 Invocations


You had 29 spell levels left.
You knew the following spells:

 Your Spells              Type           Power      Damage    Failure   Level
a - Manifold Assault      Tloc           18%        N/A       99%         4

Your spell library contained the following spells:

 Spells                   Type           Power      Damage    Failure   Level
 Apportation              Tloc           36%        N/A       45%         1
 Kiss of Death            Conj/Necr      16%        2d6       99%         1
 Magic Dart               Conj           16%        1d3       99%         1
 Necrotise                Necr           16%        1d4       99%         1
 Cigotuvi's Dreadful Rot  Necr/Pois/Air  8%         N/A       99%         2
 Ensorcelled Hibernation  Hex/Ice        8%         N/A       99%         2
 Passwall                 Tmut/Erth      3%         N/A       99%         2
 Poisonous Vapours        Pois/Air       8%         N/A       99%         2
 Searing Ray              Conj           8%         2d4       99%         2
 Sublimation of Blood     Necr           4%         N/A       99%         2
 Wereblood                Tmut           4%         N/A       99%         2
 Portal Projectile        Hex/Tloc       22%        N/A       99%         3
 Confusing Touch          Hex            4%         N/A       100%        3
 Inner Flame              Hex/Fire       4%         N/A       100%        3
 Mephitic Cloud           Conj/Pois/Air  4%         N/A       100%        3
 Ozocubu's Armour         Ice            4%         N/A       100%        3
 Swiftness                Air            4%         N/A       100%        3
 Anguish                  Hex/Necr       2%         N/A       100%        4
 Cause Fear               Hex            2%         N/A       100%        4
 Dispel Undead            Necr           4%         3d7       100%        4
 Flame Wave               Conj/Fire      4%         2d5       100%        4
 Fulminant Prism          Conj/Hex       2%         3d5       100%        4
 Leda's Liquefaction      Hex/Erth       2%         N/A       100%        4
 Petrify                  Tmut/Erth      4%         N/A       100%        4
 Sticky Flame             Conj/Fire      4%         2d3       100%        4
 Alistair's Intoxication  Tmut/Pois      2%         N/A       100%        5
 Borgnjor's Vile Clutch   Necr/Erth      2%         N/A       100%        5
 Irradiate                Conj/Tmut      2%         3d12      100%        5
 Lee's Rapid Deconstruct  Erth           2%         3d4*      100%        5
 Metabolic Englaciation   Hex/Ice        2%         N/A       100%        5
 Dispersal                Tloc           9%         N/A       100%        6
 Statue Form              Tmut/Erth      2%         N/A       100%        6
 Dragon Form              Tmut           2%         N/A       100%        7
 Enfeeble                 Hex            2%         N/A       100%        7
 Borgnjor's Revivificati  Necr           2%         N/A       100%        8
 Disjunction              Tloc           9%         N/A       100%        8
 Necromutation            Tmut/Necr      2%         N/A       100%        8
 Death's Door             Necr           2%         N/A       100%        9
 Summon Small Mammal      Summ           Unusable   N/A       N/A         1
 Call Imp                 Summ           Unusable   N/A       N/A         2
 Call Canine Familiar     Summ           Unusable   N/A       N/A         3
 Animate Dead             Necr           Unusable   N/A       N/A         4
 Death Channel            Necr           Unusable   N/A       N/A         6
 Simulacrum               Ice/Necr       Unusable   N/A       N/A         6
 Summon Hydra             Summ           Unusable   N/A       N/A         7
 Dragon's Call            Summ           Unusable   N/A       N/A         9

Dungeon Overview and Level Annotations

Branches:
Dungeon (15/15)            Temple (1/1) D:7            Lair (5/5) D:8
  Swamp (4/4) Lair:2        Snake (4/4) Lair:3        Slime (0/5) Lair:5
    Orc (2/2) D:9             Elf (3/3) Orc:2        Vaults (0/5) D:14
 Depths (1/4) D:15

Altars:
Ashenzari
Cheibriados
Dithmenos
Fedhas
Gozag
Hepliaklqana
Kikubaaqudgha
Makhleb
Nemelex Xobeh
Okawaru
Qazlal
Ru
Sif Muna
Trog
Uskayaw
Vehumet
Wu Jian
Xom
Yredelemnul
Jiyva

Shops:
D:1 *   D:4 [   D:7 *   D:10 :   Orc:2 ([*=   Snake:1 (   Snake:4 ::=

Portals:
Hell: Lair:5

Annotations:
Swamp:4 2 transporters, 0netwelve's ghost, adept HOMo
Elf:2 6 transporters


Innate Abilities, Weirdness & Mutations

You have a moderately thin skeletal structure. (Dex +4, Stealth++)
Your demonic aura causes all spilled blood to erupt in flames.
You sometimes gain a little power by taking damage.
You punish those that try to bend your will. (Will+)
You have a tail ending in a sharp stinger.
You expend magic power (3 MP) to strengthen your wands.


Message History

The deep elf demonologist gestures wildly while chanting.
The deep elf death mage is engulfed in blazing flames.
You block the deep elf death mage's attack.
The deep elf demonologist mumbles some strange words.
You slice the deep elf death mage!!
The deep elf death mage is almost dead.
You slice the deep elf death mage!!
You kill the deep elf death mage!
Okawaru accepts your kill. The Hell Sentinel gestures at you.
The sphere of damnation explodes!
The damnation engulfs you!!!
* * * LOW HITPOINT WARNING * * *
The deep elf demonologist gestures wildly while chanting.
Some rock shatters into small pieces.
You hear a shout! x5
You have reached level 20!
You feel agile.
The deep elf demonologist gestures wildly while chanting.
The deep elf high priest mumbles some strange prayers to its god against you.
Something smites you!
* * * LOW HITPOINT WARNING * * *
The neqoxec gestures at you.
Something tries to feed on your intellect!
You hear a grinding noise.
The Hell Sentinel gestures at you.
Your +0 kite shield of reflection reflects the iron shot!
The iron shot hits the Hell Sentinel!!
The cacodemon gestures next to the Brimstone Fiend.
Some rock shatters into small pieces.
The deep elf demonologist casts a spell.
The Brimstone Fiend calls on the powers of darkness!
Your body is wracked with pain!
* * * LOW HITPOINT WARNING * * *
The deep elf demonologist convulses! x2
As you read the scroll of teleportation, it crumbles to dust.
You feel strangely unstable.
The sun demon disappears in a puff of smoke!
The Hell Sentinel gestures at you.
The sphere of damnation explodes!
The damnation engulfs you!!
You die...

,#### #.........# ##..## # ###
#.........### .....####
##.##.###........##.. )..)....##
##.#.....#......(##...
.))))....###........#.......#....
.......3e##4#.......###.....#....
##.....4ee))☼)...♣....#.....#....
#......ee###1..^.....####'##...<
#.......1...2..@...).# #.##....
##.....'2#####.....'## #.###^..
##'#'###.## ###.###.## #.# ##..
##.##.# ##.#### ### ##.###.# ###
#'###.# ##'#.### ##.##'### ..#
#.# #.....# ##'#...# # ..# #.#
#.....# ###....# # ..# #.#
#.....# #......# # ..# #.#
##'#.### ##'....#


You could see a Hell Sentinel (summoned), a Brimstone Fiend (summoned), a
cacodemon (summoned), a hell beast (summoned), 2 deep elf demonologists and a
rust devil (summoned).

Vanquished Creatures
  Mara (Swamp:4)
  Saint Roka (Orc:1)
  Nikola (Swamp:1)
  A tentacled monstrosity (Swamp:4)
  3 deep elf blademasters (Elf:3)
  A deep elf master archer (Elf:3)
  Gastronok (Lair:2)
  3 sphinxes
  Agnes (Snake:2)
  A thorn hunter (Swamp:4)
  The ghost of fly the Severer, an adept DgDe (Snake:4)
  Roxanne (Snake:2)
  8 nagarajas
  A tengu reaver (D:12)
  2 azure jellies
  2 fire giants
  2 fenstrider witches
  3 deep elf sorcerers
  3 ghouls (Swamp:3)
  5 deep elf elementalists
  An ironbound preserver (D:14)
  2 eleionomae (Swamp:3)
  3 deep elf demonologists (Elf:3)
  A bunyip (Swamp:1)
  Azrael (Snake:2)
  4 deep elf annihilators
  3 deep elf death magi (Elf:3)
  A fire dragon (D:12)
  A shambling mangrove (Swamp:2)
  Fannar (Orc:1)
  3 catoblepae (Lair:5)
  21 hydras
  2 ghost crabs
  3 ice dragons (Swamp:4)
  12 anacondas
  9 centaur warriors
  4 two-headed ogres
  9 boulder beetles
  A two-headed ogre (shapeshifter) (Elf:1)
  2 death yaks
  38 dancing weapons
  20 naga warriors
  7 alligators
  22 naga sharpshooters
  An orc high priest (Orc:2)
  11 shock serpents
  A tengu warrior (D:12)
  9 hell knights (D:10)
  Sonja (Lair:1)
  Urug (Orc:2)
  A sun demon (D:9)
  Nergalle (Orc:2)
  11 deep elf knights
  6 goliath frogs
  A sixfirhy (Lair:5)
  3 salamander mystics
  2 death drakes (Swamp:3)
  A glowing orange brain (shapeshifter) (Elf:1)
  7 swamp dragons
  3 spriggan druids
  A skyshark (Lair:3)
  6 deep elf archers
  4 bog bodies
  2 wizards
  A sea snake (Snake:2)
  9 naga ritualists
  Pikel (D:7)
  A necromancer (D:10)
  2 lindwurms
  18 deep elf zephyrmancers
  A harpy (shapeshifter) (D:12)
  5 harpies (Elf:2)
  26 deep elf pyromancers
  An orc sorcerer (Orc:2)
  15 mana vipers
  2 wolf spiders
  2 ugly things
  4 orc knights (Orc:2)
  4 will-o-the-wisps
  6 cyclopes
  11 manticores
  A moth of wrath (Snake:4)
  14 salamanders
  Joseph (D:7)
  2 guardian serpents
  17 naga magi
  A rust devil (D:9)
  52 black mambas
  3 torpor snails
  2 orange demons (Lair:5)
  An eye of devastation (shapeshifter) (D:15)
  2 gargoyles
  18 elephants
  A cane toad (shapeshifter) (D:15)
  2 smoke demons (D:9)
  8 cane toads
  A kobold demonologist (D:12)
  Maggie (D:7)
  2 ice devils
  2 efreet (D:13)
  5 yaktaurs (D:15)
  9 rime drakes
  11 komodo dragons
  3 tengu conjurers
  6 freezing wraiths
  2 red devils (Lair:5)
  5 trolls
  3 polar bears
  2 hellwings
  19 hornets
  30 blink frogs
  4 tyrant leeches
  11 slime creatures
  4 air elementals
  15 spriggans
  A culicivora (shapeshifter) (D:14)
  A shadow (D:12)
  8 wyverns
  11 basilisks
  6 water elementals
  13 vampire mosquitoes
  2 wraiths (D:9)
  A ynoxinul (D:9)
  39 yaks
  2 fire elementals
  3 swamp worm simulacra (Swamp:4)
  A steam dragon (D:6)
  A warg (Orc:2)
  Edmund (D:4)
  11 swamp worms
  Menkaure (D:5)
  53 nagas
  19 water moccasins
  19 hell hounds
  Duvessa (D:4)
  14 hydra simulacra (Swamp:4)
  A water moccasin (shapeshifter) (D:15)
  7 swamp drakes
  A black bear (D:6)
  28 orc warriors
  A wolf (Lair:5)
  5 ogres
  4 boggarts (D:15)
  15 centaurs
  A lemure (D:7)
  2 phantoms
  A kobold brigand (D:10)
  10 bullfrogs
  A gnoll sergeant (D:8)
  9 scorpions
  3 earth elementals
  3 necrophages
  Dowan (D:4)
  12 wights
  15 killer bees
  8 electric eels
  5 howler monkeys
  4 lava snakes (Lair:3)
  5 hounds
  3 gnoll boudas
  17 orc priests
  6 jellies
  Jessica (D:3)
  8 iguanas
  Natasha (thrice) (D:3)
  29 orc wizards
  10 hell rats (Lair:4)
  Robin (D:3)
  23 gnolls
  18 adders
  2 white imps
  An ufetubus (D:5)
  5 swamp drake simulacra (Swamp:4)
  3 worms
  2 dart slugs
  84 orcs
  12 bats
  An endoplasm (D:2)
  A giant cockroach (D:6)
  20 goblins
  10 hobgoblins
  6 jackals
  3 quokkas
  8 ball pythons
  3 frilled lizards
  8 kobolds
  10 rats
  5 briar patches (Swamp:4)
  A butterfly (Lair:2)
1309 creatures vanquished.

Vanquished Creatures (others)
  Donald (Swamp:4)
  2 deep elf knights (Elf:2)
  A deep elf pyromancer (Elf:2)
  A briar patch (Swamp:4)
  5 demonic plants (D:9)
  12 foxfires (Swamp:2)
  37 fungi
  84 plants
143 creatures vanquished.

Grand Total: 1452 creatures vanquished

Notes
Turn   | Place    | Note
-------+----------+-------------------------------------------
     0 | D:1      | Touch the Demonspawn Fighter began the quest for the Orb.
     0 | D:1      | Reached XP level 1. HP: 18/18 MP: 1/1
   121 | D:1      | Gained mutation: Your demonic aura sometimes causes spilled
                  | blood to erupt in flames. [demonic ancestry]
   121 | D:1      | Reached XP level 2. HP: 20/24 MP: 2/2
   342 | D:1      | Reached skill level 3 in Armour
   448 | D:1      | Found a faded altar of an unknown god.
   495 | D:1      | Gained mutation: Your demonic aura often causes spilled
                  | blood to erupt in flames. [demonic ancestry]
   495 | D:1      | Reached XP level 3. HP: 28/29 MP: 3/3
   710 | D:1      | Found Amonang's General Store.
   826 | D:3      | Noticed Robin
  1323 | D:3      | Noticed Jessica
  1338 | D:3      | Killed Jessica
  1339 | D:3      | Gained mutation: You have a somewhat thin skeletal
                  | structure. (Dex +2, Stealth+) [demonic ancestry]
  1339 | D:3      | Reached XP level 4. HP: 14/35 MP: 4/4
  1694 | D:3      | Reached XP level 5. HP: 41/41 MP: 5/5
  1735 | D:3      | Killed Robin
  1828 | D:4      | Found Diejiu's Antique Armour Shop.
  1894 | D:4      | Noticed a phantom
  1971 | D:3      | Noticed Natasha
  1973 | D:3      | Found a broken altar of Ashenzari.
  1976 | D:3      | Killed Natasha
  2104 | D:3      | Noticed Natasha
  2108 | D:3      | Killed Natasha
  2109 | D:3      | Gained mutation: You have a small tail. [demonic ancestry]
  2109 | D:3      | Reached XP level 6. HP: 48/48 MP: 6/6
  2169 | D:3      | Noticed Natasha
  2175 | D:3      | Killed Natasha
  2176 | D:3      | Reached skill level 5 in Axes
  2481 | D:5      | Entered Level 5 of the Dungeon
  2501 | D:4      | Noticed Edmund
  2542 | D:4      | Noticed Duvessa
  2564 | D:4      | Noticed Dowan
  2672 | D:5      | Noticed a water moccasin
  2750 | D:6      | Killed a water moccasin
  2751 | D:6      | Gained mutation: You have a moderately thin skeletal
                  | structure. (Dex +4, Stealth++) [demonic ancestry]
  2751 | D:6      | Reached XP level 7. HP: 20/54 MP: 7/7
  3345 | D:6      | Gained mutation: Your demonic aura causes all spilled blood
                  | to erupt in flames. [demonic ancestry]
  3345 | D:6      | Reached XP level 8. HP: 14/61 MP: 8/8
  3714 | D:6      | Reached skill level 4 in Armour
  3935 | D:5      | Found a bloodstained altar of Trog.
  4146 | D:5      | Noticed Menkaure
  4155 | D:5      | Killed Menkaure
  4429 | D:4      | Killed Edmund
  4430 | D:4      | Reached skill level 5 in Fighting
  4479 | D:4      | Killed Duvessa
  4489 | D:4      | Killed Dowan
  4800 | D:6      | Reached XP level 9. HP: 68/68 MP: 9/9
  5730 | D:7      | Noticed Joseph
  5731 | D:7      | Found Jogam's Elemental Accessories.
  5750 | D:7      | Killed Joseph
  5751 | D:7      | Reached skill level 10 in Axes
  5842 | D:7      | Noticed a two-headed ogre
  5844 | D:7      | Noticed Maggie
  5846 | D:8      | Found a staircase to the Lair.
  5918 | Lair:1   | Entered Level 1 of the Lair of Beasts
  5918 | Lair:1   | Noticed a cane toad
  5920 | Lair:1   | Reached skill level 5 in Armour
  5922 | Lair:1   | Noticed a cane toad
  5926 | Lair:1   | Killed a cane toad
  5928 | Lair:1   | Killed a cane toad
  5930 | Lair:1   | Noticed a black mamba
  5930 | Lair:1   | Noticed a five-headed hydra
  5938 | D:8      | HP: 2/69 [gnoll sergeant/+0 spear (9)]
  6205 | D:7      | Killed Maggie
  6206 | D:7      | Gained mutation: You sometimes gain a little power by
                  | taking damage. [demonic ancestry]
  6206 | D:7      | Reached XP level 10. HP: 67/77 MP: 10/10
  6363 | D:7      | Killed a two-headed ogre
  6519 | D:7      | Found a staircase to the Ecumenical Temple.
  6525 | Temple   | Entered the Ecumenical Temple
  6661 | Temple   | Became a worshipper of Warmaster Okawaru
  6741 | D:7      | Noticed Pikel
  6753 | D:7      | Killed Pikel
  6917 | D:8      | Reached skill level 5 in Shields
  7018 | D:8      | Reached skill level 6 in Armour
  7209 | D:9      | Noticed a smoke demon
  7333 | D:8      | Found a shimmering altar of Xom.
  7432 | D:8      | Reached * piety under Okawaru
  7894 | D:9      | Noticed a sun demon
  8147 | D:9      | Noticed a rust devil
  8216 | Lair:1   | Killed a black mamba
  8218 | Lair:1   | Killed an eight-headed hydra
  8218 | Lair:1   | Reached ** piety under Okawaru
  8219 | Lair:1   | Reached XP level 11. HP: 24/86 MP: 8/11
  8536 | Lair:1   | You are sucked into a shaft and drop 1 floor!
  8593 | Lair:1   | Reached skill level 1 in Invocations
  8874 | Lair:1   | Reached *** piety under Okawaru
  8972 | Lair:1   | Noticed a wolf spider
  8981 | Lair:1   | Killed a wolf spider
  9099 | Lair:2   | Reached **** piety under Okawaru
  9100 | Lair:2   | Reached skill level 7 in Armour
  9498 | Lair:1   | Noticed Sonja
  9516 | Lair:1   | Killed Sonja
  9594 | Lair:1   | Found the +5 demon whip "Spellbinder" {antimagic, disrupt,
                  | Will+}
  9624 | Lair:1   | Reached ***** piety under Okawaru
 10043 | Lair:3   | Reached skill level 1 in Dodging
 10050 | Lair:3   | Identified the +0 hat of the Burning Slorg {Int-3 Dex+6
                  | Stlth+} (Okawaru gifted it to you on level 3 of the Lair of
                  | Beasts)
 10050 | Lair:3   | Received a gift from Okawaru
 10051 | Lair:3   | Reached XP level 12. HP: 53/95 MP: 5/14
 10525 | Lair:2   | Found a staircase to the Swamp.
 10534 | Lair:2   | Reached skill level 10 in Fighting
 10728 | Swamp:1  | Entered Level 1 of the Swamp
 10754 | Lair:2   | Noticed Gastronok
 10766 | Lair:2   | Killed Gastronok
 10972 | Lair:2   | Noticed a five-headed hydra
 10979 | Lair:2   | Killed a five-headed hydra
 10980 | Lair:2   | Reached skill level 5 in Invocations
 11265 | Lair:3   | Noticed a seven-headed hydra
 11281 | Lair:3   | Killed a seven-headed hydra
 11515 | Lair:3   | Found a staircase to the Snake Pit.
 11724 | Snake:1  | Entered Level 1 of the Snake Pit
 11724 | Snake:1  | Noticed a naga warrior
 12520 | Lair:3   | Identified the +1 pair of gloves of the Imp {*Corrode rN+
                  | Str+3} (Okawaru gifted it to you on level 3 of the Lair of
                  | Beasts)
 12520 | Lair:3   | Received a gift from Okawaru
 12851 | Lair:4   | Noticed a boulder beetle
 12861 | Lair:4   | Reached XP level 13. HP: 99/106 MP: 6/18
 12903 | Lair:4   | Reached skill level 15 in Axes
 13976 | Lair:5   | Entered Level 5 of the Lair of Beasts
 13981 | Lair:5   | Reached skill level 5 in Dodging
 14002 | Lair:5   | Found a viscous altar of Jiyva.
 14190 | Lair:4   | Reached ****** piety under Okawaru
 14190 | Lair:4   | Identified the +4 crystal plate armour of Okawaru's Favour
                  | {rElec rF+ Will+ Dex+2} (Okawaru gifted it to you on level
                  | 4 of the Lair of Beasts)
 14190 | Lair:4   | Received a gift from Okawaru
 14948 | Lair:5   | Found a staircase to the Slime Pits.
 15744 | Lair:5   | Gained mutation: You have a tail ending in a sharp stinger.
                  | [demonic ancestry]
 15744 | Lair:5   | Reached XP level 14. HP: 112/118 MP: 6/20
 16340 | Lair:5   | Found a burning altar of Makhleb.
 16390 | Lair:5   | Gained mutation: You expend magic power (3 MP) to
                  | strengthen your wands. [potion of mutation]
 17089 | Lair:5   | Identified the +6 broad axe of Honesty {freeze, rN+ Int+3}
                  | (Okawaru gifted it to you on level 5 of the Lair of Beasts)
 17089 | Lair:5   | Received a gift from Okawaru
 17093 | Lair:5   | Found a gateway to Hell.
 17503 | D:10     | Entered Level 10 of the Dungeon
 17537 | D:9      | Reached skill level 10 in Invocations
 17799 | D:9      | Found a shimmering blue altar of Sif Muna.
 18000 | D:9      | Found a staircase to the Orcish Mines.
 18007 | Orc:1    | Entered Level 1 of the Orcish Mines
 18062 | Orc:2    | Entered Level 2 of the Orcish Mines
 19066 | D:10     | Found the +11 Singing Sword {sonic wave}
 19115 | D:10     | Found Zymiur's Book Emporium.
 21039 | D:10     | Identified the +5 hand axe "Atuiguiw" {elec, rCorr Int-2
                  | Dex+5} (Okawaru gifted it to you on level 10 of the
                  | Dungeon)
 21039 | D:10     | Received a gift from Okawaru
 23588 | D:10     | Found a hazy altar of Hepliaklqana.
 23588 | D:10     | Found a sparkling altar of Nemelex Xobeh.
 24078 | D:12     | Noticed a tengu reaver
 24082 | D:12     | Noticed a fire giant
 24085 | D:12     | Killed a tengu reaver
 24086 | D:12     | Reached XP level 15. HP: 111/127 MP: 22/22
 24096 | D:12     | Killed a fire giant
 24333 | D:12     | Identified the +7 mace "Gyinuefu" {heavy, rCorr Str-5
                  | Int+4}
 24427 | D:12     | Received a gift from Okawaru
 24779 | D:12     | Identified the +0 broad axe "Fearph Zaje" {flame, rPois
                  | Dex+4}
 25495 | D:13     | Reached skill level 8 in Armour
 26381 | D:14     | Found a gate to the Vaults.
 26468 | D:15     | Entered Level 15 of the Dungeon
 26590 | D:14     | Reached skill level 15 in Fighting
 26680 | D:15     | Identified the +3 quick blade "Iliptak" {spect, MP+9}
                  | (Okawaru gifted it to you on level 15 of the Dungeon)
 26680 | D:15     | Received a gift from Okawaru
 27823 | D:15     | Identified the +3 ring mail of Xingiaqu {Harm rF+ Str-2}
 27824 | D:15     | Found a staircase to the Depths.
 27825 | D:15     | Noticed a fire giant
 27871 | D:15     | Killed a fire giant
 28090 | D:15     | Identified the +0 pair of boots "Qiava" {rPois rCorr MP-9
                  | Int+3}
 28170 | D:15     | Identified the +9 spear "Uppix" {flame, Stlth+}
 28260 | Depths:1 | Entered Level 1 of the Depths
 28865 | Orc:2    | Noticed Saint Roka
 28870 | Orc:2    | Received a gift from Okawaru
 28876 | Orc:2    | Found Sofel's Antique Weapon Shop.
 28876 | Orc:2    | Noticed Nergalle
 28876 | Orc:2    | Noticed Urug
 29300 | Orc:1    | Noticed Fannar
 29304 | Orc:1    | Killed Fannar
 29378 | Orc:2    | Found a staircase to the Elven Halls.
 29379 | Orc:2    | Found a shimmering altar of Xom.
 29507 | Orc:2    | HP: 2/129 [Saint Roka/divine providence (14)]
 29791 | Orc:1    | Killed Saint Roka
 29792 | Orc:1    | Reached skill level 9 in Armour
 30102 | Orc:2    | Killed Urug
 30112 | Orc:2    | Killed Nergalle
 30114 | Orc:2    | Received a gift from Okawaru
 30115 | Orc:2    | Reached XP level 16. HP: 96/135 MP: 14/23
 30385 | Orc:2    | Found Axinenia's General Store.
 30400 | Orc:2    | Found Quqauc's Jewellery Shop.
 30417 | Orc:2    | Found Zazxife's Antique Armour Shop.
 30572 | Orc:2    | Bought an amulet of reflection for 450 gold pieces
 30598 | Orc:2    | Bought a scroll of enchant weapon for 90 gold pieces
 30598 | Orc:2    | Bought a potion of curing for 36 gold pieces
 30598 | Orc:2    | Bought a potion of curing for 36 gold pieces
 30614 | Orc:2    | Bought a runed broad axe for 217 gold pieces
 30630 | Orc:2    | Bought a slimy chain mail for 342 gold pieces
 30630 | Orc:2    | Identified the +5 chain mail "Tebum" {rF++ rN+} (You bought
                  | it in a shop on level 2 of the Orcish Mines)
 30630 | Orc:2    | Bought a distressingly furry leather armour for 252 gold
                  | pieces
 30630 | Orc:2    | Identified the +1 leather armour of the Boiling Point
                  | {-Cast Rampage Regen+ Dex+4 Stlth+} (You bought it in a
                  | shop on level 2 of the Orcish Mines)
 30868 | Elf:1    | Entered Level 1 of the Elven Halls
 30958 | Elf:1    | Identified the +0 ring mail of Serendipity {+Blink rC+++
                  | Regen+ Str-5}
 31070 | Elf:1    | Learned a level 4 spell: Manifold Assault
 31233 | Elf:1    | Paralysed by an air elemental for 1 turns
 31316 | Elf:1    | Reached skill level 10 in Dodging
 31351 | Elf:2    | Noticed a sphinx
 31353 | Elf:2    | Noticed a sphinx
 31354 | Elf:2    | Noticed a sphinx
 31361 | Elf:1    | Killed a sphinx
 31548 | Elf:1    | Reached skill level 10 in Armour
 31626 | Elf:2    | Paralysed by an air elemental for 1 turns
 31640 | Elf:2    | Killed a sphinx
 31640 | Elf:2    | Paralysed by an air elemental for 1 turns
 31871 | Elf:2    | Killed a sphinx
 32012 | Elf:3    | Entered Level 3 of the Elven Halls
 32025 | Elf:3    | Identified the +9 broad axe of Infinity {pain, Fragile
                  | rPois rC+ Will+} (Okawaru gifted it to you on level 3 of
                  | the Elven Halls)
 32025 | Elf:3    | Received a gift from Okawaru
 32106 | Elf:2    | Reached skill level 11 in Armour
 32477 | Elf:2    | Found a transporter.
 32888 | Elf:2    | Found a transporter.
 32891 | Elf:2    | Found a transporter.
 32970 | Elf:2    | Received a gift from Okawaru
 32986 | Elf:2    | Found a runed translucent gate.
 32986 | Elf:2    | Found a runed translucent gate.
 32987 | Elf:2    | Found a runed translucent gate.
 33084 | Elf:2    | Found a transporter.
 33085 | Elf:2    | Found a transporter.
 33100 | Elf:3    | Reached XP level 17. HP: 134/142 MP: 15/24
 33156 | Elf:2    | Found a transporter.
 33665 | Swamp:1  | Noticed Nikola
 33682 | Swamp:1  | Killed Nikola
 33767 | Swamp:1  | Reached skill level 10 in Shields
 33774 | Swamp:1  | Reached skill level 12 in Armour
 35455 | Swamp:3  | Identified the +0 robe of Lipt {rPois rF- Will+ Int+4}
                  | (Okawaru gifted it to you on level 3 of the Swamp)
 35455 | Swamp:3  | Received a gift from Okawaru
 35470 | Swamp:3  | Reached skill level 13 in Armour
 35910 | Swamp:2  | Identified the +3 hand axe "Ifass" {venom, SInv Stlth+}
 36573 | Swamp:3  | Reached skill level 14 in Armour
 36742 | Swamp:4  | Entered Level 4 of the Swamp
 36742 | Swamp:4  | Noticed a tentacled monstrosity
 37296 | Swamp:4  | Noticed Donald
 37312 | Swamp:4  | Killed Donald
 37315 | Swamp:4  | Reached skill level 1 in Spellcasting
 37582 | Swamp:4  | Found a transporter.
 37589 | Swamp:4  | Noticed 0netwelve's ghost (adept HOMo)
 37610 | Swamp:4  | Reached skill level 1 in Translocations
 37751 | Swamp:4  | Noticed Mara
 37758 | Swamp:4  | Noticed Touch's illusion
 37766 | Swamp:4  | Killed Mara
 37876 | Swamp:4  | Found a transporter.
 37889 | Swamp:4  | Received a gift from Okawaru
 37998 | Swamp:4  | Killed a tentacled monstrosity
 38253 | Swamp:4  | Reached skill level 15 in Armour
 38253 | Swamp:4  | Reached XP level 18. HP: 110/149 MP: 16/25
 38417 | Swamp:4  | Got a decaying rune of Zot
 38763 | D:8      | Identified a scroll of acquirement
 38767 | D:8      | Acquired the ring "Pomn" {rElec rF+ Dex+2 SInv}
 39002 | Snake:1  | Identified the +2 ring mail of Restlessness {rN+++ Str-5
                  | Int+5} (Okawaru gifted it to you on level 1 of the Snake
                  | Pit)
 39002 | Snake:1  | Received a gift from Okawaru
 39363 | Snake:1  | Found Kicwuup's Weapon Emporium.
 39490 | Snake:1  | Reached skill level 16 in Armour
 39744 | Snake:2  | Noticed Agnes
 39754 | Snake:2  | Killed Agnes
 39827 | Snake:2  | Noticed Azrael
 39906 | Snake:2  | Noticed Roxanne
 39927 | Snake:2  | Killed Roxanne
 40262 | Snake:2  | Killed Azrael
 40326 | Snake:2  | Identified the -2 pair of boots "Puukihas" {rCorr} (Okawaru
                  | gifted it to you on level 2 of the Snake Pit)
 40326 | Snake:2  | Received a gift from Okawaru
 40392 | Snake:2  | Acquired a manual of Dodging
 40876 | Snake:3  | Reached skill level 17 in Armour
 41230 | Snake:4  | Entered Level 4 of the Snake Pit
 41707 | Snake:4  | Found a bloodstained altar of Trog.
 41707 | Snake:4  | Noticed fly's ghost (adept DgDe)
 41716 | Snake:4  | Found a transporter.
 41821 | Snake:4  | Found a transporter.
 41835 | Snake:4  | Reached skill level 5 in Spellcasting
 41854 | Snake:4  | Gained mutation: You punish those that try to bend your
                  | will. (Will+) [demonic ancestry]
 41854 | Snake:4  | Reached XP level 19. HP: 102/155 MP: 17/26
 41871 | Snake:4  | Reached skill level 5 in Translocations
 42682 | Snake:4  | Received a gift from Okawaru
 42798 | Snake:4  | Reached skill level 18 in Armour
 43589 | Snake:4  | Got a serpentine rune of Zot
 43655 | Snake:4  | Found Wuupn's Jewellery Shoppe.
 43655 | Snake:4  | Found Yhuch's Book Boutique.
 43656 | Snake:4  | Found Uhat's Book Boutique.
 43669 | Snake:4  | Bought the ring "Oqiteatz" {*Corrode rPois Will+ AC+4
                  | Int+2} for 514 gold pieces
 44108 | Snake:4  | Killed fly's ghost
 44808 | Elf:2    | Identified the +0 ring mail "Suviduiw" {rF+} (Okawaru
                  | gifted it to you on level 2 of the Elven Halls)
 44808 | Elf:2    | Received a gift from Okawaru
 45450 | Elf:3    | Reached skill level 19 in Armour
 45969 | Elf:3    | Noticed a Brimstone Fiend
 45971 | Elf:3    | Reached XP level 20. HP: 41/164 MP: 21/30
 45975 | Elf:3    | Killed from afar by a Hell Sentinel

Illustrated notes

Levels and vault maps discovered:
D:1:      matt_arrival_refuge, layout_rooms, dreamdust_ecumenical_altar_grove,
          serial_shops, nicolae_square_shop
D:2:      layout_basic
D:3:      layout_basic, overflow_temple_1_default, uniq_robin, uniq_jessica,
          uniq_natasha
D:4:      layout_basic, serial_shops, shop_fountains, uniq_edmund, uniq_duvessa
D:5:      layout_gridville, trog_book, serial_glass, glass_columns_a,
          glass_columns_a, uniq_menkaure
D:6:      layout_basic, portal_sewer_entry_c,
          hangedman_abyss_or_decor_lesser_grid
D:7:      layout_basic, minmay_temple_entry_enclosed_plants,
          minmay_misc_feat_tiny, kennysheep_path_1, amethyst_killhole,
          nicolae_elemental_shop, uniq_maggie, uniq_joseph, uniq_pikel
D:8:      layout_rooms, dk_xom_monty_hall, lair_entry_dummy
D:9:      nicolae_hitomezashi [nicolae_hito_row, nicolae_hito_row,
          nicolae_hito_row, nicolae_hito_row, nicolae_hito_row,
          nicolae_hito_row, nicolae_hito_row, nicolae_hito_row,
          nicolae_hito_row, nicolae_hito_row, nicolae_hito_row,
          nicolae_hito_row, nicolae_hito_row, nicolae_hito_row,
          nicolae_hito_row, nicolae_hito_row, nicolae_hito_row,
          nicolae_hito_row], layout_basic, nicolae_overflow_crystal_walls,
          orc_0_dummy, serial_demonic, serial_demonic_f, serial_demonic_c,
          serial_demonic_c, serial_demonic_g
D:10:     old_forge, layout_basic, nicolae_overflow_hidden_temple, serial_shops,
          shop_statue, nrook_loot_triangle, minmay_rotating_lava
D:11:     layout_basic, special_room [special_room_orc],
          nicolae_figureground_pulse
D:12:     minmay_containers, layout_irregular_city,
          eino_small_chamber_without_monster
D:13:     layout_irregular_city
D:14:     layout_basic, skrybe_vaults_entry_preservation
D:15:     grunt_enter_depths_giant_problem, layout_loops_ring,
          hangedman_abyss_or_decor_stabs
Temple:   minmay_temple_bridge_d
Lair:1:   minmay_lair_venomous_thicket, layout_misc_corridors,
          grunt_megastairs_2, uniq_sonja
Lair:2:   layout_chaotic_city, minmay_swamp_entry_eels, grunt_megastairs_5,
          lemuel_fruit_fields, serial_bayou_shore_a, serial_bayou_shore_b,
          lemuel_fruit_fields, serial_bayou_shore_b, uniq_gastronok
Lair:3:   layout_roguey, nicolae_snake_entry_warm_welcome
Lair:4:   layout_roguey [special_room_mythical_zoo],
          nicolae_volcano_entry_two_sided, lemuel_fruit_tree,
          infiniplex_staircase_pool_2, grunt_megastairs_3, serial_bayou_shore_b
Lair:5:   evil_forest, layout_regular_city, nicolae_slime_entry_field_trip,
          st_stairs_4, nicolae_lair_yak_garden
Swamp:1:  nicolae_swamp_ascending_descending, layout_falls_marsh,
          evilmike_swamp_ruin_house_1, swamp_pool3, uniq_nikola
Swamp:2:  layout_falls_marsh, portal_ice_cave_entry_frozen_things,
          nicolae_swamp_orc_logging_accident, swamp_pool1
Swamp:3:  layout_basic_swamp, evilmike_swamp_ruin_rubble_2, swamp_pool1,
          nicolae_swamp_drake_lake
Swamp:4:  swamp_icy, layout_basic_swamp, gammafunk_ghost_arena, uniq_mara,
          uniq_donald
Snake:1:  layout_onion_interference, serial_shops, shop, serial_bayou_shore_b
Snake:2:  layout_onion, nicolae_snake_bzzzt, uniq_azrael, uniq_roxanne,
          uniq_agnes
Snake:3:  layout_cave_town
Snake:4:  minmay_snake_end_coiled, layout_layer_cave,
          gammafunk_ghost_wrathful_warriors, nicolae_snake_slithery_hallway,
          minmay_shop_grove, serial_bayou_shore_b
Orc:1:    layout_diamond_mine, uniq_fannar
Orc:2:    grunt_orc_cross, layout_diamond_mine, basic_altar
Elf:1:    layout_rooms, hangedman_elf_represent
Elf:2:    nicolae_elf_blades_splatter_lattice
          [nicolae_blade_entry_hurt_lockers], layout_rooms, special_room
          [special_room_mythical_zoo], dk_noncrumbling_2, serial_nicolae_subway,
          nicolae_sub_station_crystal, nicolae_sub_station_metal,
          nicolae_sub_station_stone
Elf:3:    minmay_elf_hall_not_hex, layout_geoelf_octagon, grunt_ministairs_3,
          st_stairs_8
Depths:1: layout_big_octagon, enter_ziggurat_e, hangedman_geh_valley,
          ebering_ghost_rock_garden, rand_demon_pan_entry_7,
          nicolae_abyss_entry_one_way_or_another,
          serial_sigils_hangedman_scratch, led_xom_imps

Skill      XL: |  1  2  3  4  5  6  7  8  9 10 11 12 13 14 15 16 17 18 19 |
---------------+----------------------------------------------------------+-----
Axes           | 2 3 4 6 7 9 10 12 13 14 15 16 17 18 | 18.0
Armour         | 3 4 5 6 7 9 11 15 17 19 | 19.2
Shields        | 3 4 5 9 10 | 10.0
Fighting       | 4 5 6 7 9 11 13 14 15 | 15.7
Invocations    | 3 6 9 10 | 10.4
Dodging        | 1 3 6 8 9 10 11 | 11.0
Spellcasting   | 2 5 7 |  7.1
Translocations | 1 4 5 |  5.0

Action                     |  1- 3 |  4- 6 |  7- 9 | 10-12 | 13-15 | 16-18 | 19-21 || total
---------------------------+-------+-------+-------+-------+-------+-------+-------++-------
  Melee: War axe           |   106 |   121 |   237 |   213 |     8 |       |       ||   685
         Tailslap          |       |     8 |    27 |    58 |   206 |   218 |    96 ||   613
         Demon whip        |       |       |       |   174 |   439 |       |       ||   613
         Broad axe         |       |       |       |       |   597 |  1104 |   442 ||  2143
   Fire: Arbalest          |       |       |       |       |   290 |       |       ||   290
 Invoke: Heroism           |       |       |       |     1 |     1 |     1 |     1 ||     4
         Finesse           |       |       |       |       |     1 |     1 |       ||     2
    Use: Potion            |       |     3 |     2 |     3 |     4 |       |     3 ||    15
         Scroll            |       |       |     2 |     9 |     9 |     8 |     4 ||    32
   Stab: Sleeping          |       |       |     7 |    12 |     4 |       |       ||    23
         Distracted        |       |       |     1 |       |     2 |       |       ||     3
         Petrified         |       |       |       |       |     5 |       |       ||     5
         Petrifying        |       |       |       |       |     1 |       |       ||     1
 Armour: Scale mail        |    45 |    41 |       |       |       |       |       ||    86
         Ring mail         |       |    14 |    52 |   101 |   117 |    30 |       ||   314
         Crystal plate arm |       |       |       |       |   302 |   757 |   187 ||  1246
  Dodge: Dodged            |    35 |    81 |   147 |   347 |   850 |   479 |   131 ||  2070
         Repelled          |       |       |       |       |       |       |    11 ||    11
  Block: Buckler           |    27 |    32 |    66 |   105 |   298 |   215 |       ||   743
         Reflection        |       |       |       |       |       |    70 |    51 ||   121
         Kite shield       |       |       |       |       |       |   723 |   358 ||  1081

Table legend: (Time is in decaauts)
 A = Elapsed time spent in this place.
 B = Non-inter-level travel time spent in this place.
 C = Inter-level travel time spent in this place.
 D = Time resting spent in this place.
 E = Time spent auto-exploring this place.
 F = Levels seen in this place.
 G = Mean time per level.
                   A        B        C        D        E       F      G
               +--------+--------+--------+--------+--------+-----+--------+
         Total |  46086 |  38636 |   7450 |  11930 |  18109 |  35 | 1316.7 |
       Dungeon |  20137 |  16249 |   3888 |   4780 |   7585 |  15 | 1342.5 |
        Temple |    155 |    112 |     43 |      0 |    102 |   1 |  155.0 |
          Lair |   9048 |   8251 |    797 |   2507 |   4391 |   5 | 1809.6 |
         Swamp |   5031 |   4558 |    473 |   1459 |   2174 |   4 | 1257.8 |
     Snake Pit |   5300 |   4640 |    660 |   1454 |   1986 |   4 | 1325.0 |
  Orcish Mines |   2397 |   1870 |    527 |    851 |    715 |   2 | 1198.5 |
   Elven Halls |   4003 |   2954 |   1049 |    879 |   1156 |   3 | 1334.3 |
        Depths |     12 |      1 |     11 |      0 |      0 |   1 |   12.0 |
               +--------+--------+--------+--------+--------+-----+--------+

Top non-repeatable levels by time:
    D:10: 4709 daAuts
  Lair:5: 2345 daAuts
 Snake:4: 2237 daAuts
   Elf:2: 2145 daAuts
     D:8: 2091 daAuts
  Lair:3: 2048 daAuts
  Lair:2: 1911 daAuts
    D:12: 1583 daAuts
  Lair:4: 1511 daAuts
 Swamp:2: 1489 daAuts
     D:6: 1445 daAuts
   Orc:2: 1375 daAuts
 Swamp:3: 1312 daAuts
     D:7: 1262 daAuts
  Lair:1: 1232 daAuts
